 Dungeon Crawl Stone Soup version 0.27-a0-705-ga0013940fb (webtiles) character file.

Game seed: 11200902703535285834

178 tilp the Cudgeller (level 5, 0/50 HPs)
             Began as an Ogre Warper on Mar 22, 2021.
             Slain by Robin
             ... wielding a +0 spear
              (3 damage)
             ... on level 3 of the Dungeon.
             The game lasted 00:08:03 (4394 turns).

tilp the Cudgeller (Ogre Warper)                    Turns: 4394, Time: 00:08:03

Health: 0/50       AC:  4    Str: 15    XL:     5   Next: 58%
Magic:  8/8        EV:  9    Int: 15    God:
Gold:   123        SH:  0    Dex:  8    Spells: 6/8 levels left

rFire    . . .     SeeInvis .   a - +0 mace
rCold    . . .     Faith    .   (no shield)
rNeg     . . .     Spirit   .   b - +0 robe
rPois    .         Reflect  .   g - +1 hat
rElec    .         Harm     .   (no cloak)
rCorr    .         Rampage  .   (gloves unavailable)
Will     .....                  (boots unavailable)
Stlth    +.........             (no amulet)
HPRegen  0.16/turn              t - ring of wizardry
MPRegen  0.11/turn              (no ring)

@: no status effects
A: large, unfitting armour, tough skin 1
a: no special abilities


You were on level 3 of the Dungeon.
You visited 1 branch of the dungeon, and saw 4 of its levels.

You collected 123 gold pieces.

Inventory:

Hand Weapons
 a - a +0 mace (weapon)
 l - a +0 great mace
 m - a +0 flail
Missiles
 e - a boomerang of dispersal
 k - 29 poisoned darts (quivered)
 y - 2 boomerangs
Armour
 b - a +0 robe (worn)
 g - a +1 hat (worn)
Jewellery
 t - a ring of wizardry (right hand)
 w - a +4 ring of protection
Wands
 x - a wand of polymorph (13)
Scrolls
 c - a scroll of teleportation {unknown}
 d - a scroll of identify {unknown}
 i - a scroll of fear {unknown}
 n - a scroll of enchant armour {unknown}
 q - a scroll of amnesia {unknown}
 r - a scroll of immolation {unknown}
 u - a scroll of noise {unknown}
Potions
 f - a potion of resistance {unknown}
 h - a potion of mutation {unknown}
 j - a potion of curing
 o - 2 potions of attraction {unknown}
 p - a potion of heal wounds {unknown}
 s - a potion of might {unknown}
 v - 2 potions of invisibility {unknown}
 z - a potion of cancellation {unknown}


   Skills:
 - Level 2.6 Fighting
 + Level 5.1 Maces & Flails
 - Level 1.0 Throwing
 - Level 2.1 Dodging
 - Level 2.4 Spellcasting
 - Level 2.6 Translocations


You had 6 spell levels left.
You knew the following spells:

 Your Spells              Type           Power      Damage    Failure   Level
a - Blink                 Tloc           N/A        N/A       4%          2

Your spell library contained the following spells:

 Spells                   Type           Power      Damage    Failure   Level
 Corona                   Hex            1%         N/A       9%          1
 Gell's Gravitas          Tloc           4%         N/A       9%          3
 Lesser Beckoning         Tloc           4%         N/A       9%          3
 Teleport Other           Tloc           9%         N/A       9%          3
 Ensorcelled Hibernation  Hex/Ice        2%         N/A       13%         2
 Confusing Touch          Hex            1%         N/A       26%         3
 Dazzling Flash           Conj/Hex       2%         N/A       26%         3
 Tukima's Dance           Hex            1%         N/A       26%         3
 Manifold Assault         Tloc           9%         N/A       26%         4


Dungeon Overview and Level Annotations

Branches:
Dungeon (4/15)
 Temple: D:4-7

Altars:
Sif Muna
Uskayaw

Annotations:
D:3 Grinder, Robin
D:4 Blork the orc


Innate Abilities, Weirdness & Mutations

You are too large for most types of armour.
You have tough skin. (AC +1)


Message History

Robin is moderately wounded.
Robin closely misses you.
You hit Robin.
Robin is moderately wounded.
Robin hits you with a +0 spear!
You hit Robin.
Robin is moderately wounded.
Robin hits you with a +0 spear.
You hit Robin.
Robin is heavily wounded.
Robin barely misses you.
You hit Robin.
Robin is severely wounded.
Robin hits you with a +0 spear. Robin closely misses you.
You hit Robin.
Robin is almost dead.
Robin barely misses you.
You hit Robin but do no damage.
Robin is almost dead.
Robin hits you with a +0 spear!
* * * LOW HITPOINT WARNING * * *
You closely miss Robin.
Robin is almost dead.
Robin hits you but does no damage.
You closely miss Robin.
Robin is almost dead.
Robin hits you with a +0 spear.
* * * LOW HITPOINT WARNING * * *
You closely miss Robin.
Robin is almost dead.
Robin hits you with a +0 spear.
* * * LOW HITPOINT WARNING * * *
Unknown command.
You closely miss Robin.
Robin is almost dead.
Robin closely misses you.
You hit Robin.
Robin is almost dead.
Robin hits you with a +0 spear.
You die...

#............+
#...........##
#.....).....#
#...........#
#####.#####.# #.#
#.# #.# #.# #####g#
#.# #.).@.# #.#
#######.##### #.#
#...........#
#.#########
#......####.#
#.......... #......#
#.# ###########
#......####'########
#......##..........#
#......##..........#
#......#...........#


You could see Robin.

Vanquished Creatures
  A howler monkey (D:4)
  A gnoll (D:1)
  3 adders
  4 worms (D:2)
  10 orcs
  A giant cockroach (D:1)
  13 goblins
  5 hobgoblins
  3 jackals (D:3)
  2 kobolds (D:1)
  9 oozes
  4 quokkas
  7 ball pythons
  5 bats
  3 frilled lizards
  5 rats (D:1)
  2 toadstools (D:1)
78 creatures vanquished.

Vanquished Creatures (others)
  2 toadstools (D:1)
2 creatures vanquished.

Grand Total: 80 creatures vanquished

Notes
Turn   | Place    | Note
-------+----------+-------------------------------------------
     0 | D:1      | tilp the Ogre Warper began the quest for the Orb.
     0 | D:1      | Reached XP level 1. HP: 22/22 MP: 3/3
   122 | D:1      | Reached skill level 2 in Maces & Flails
   174 | D:1      | Reached XP level 2. HP: 21/29 MP: 5/5
   734 | D:1      | Reached skill level 3 in Maces & Flails
   815 | D:1      | Reached XP level 3. HP: 32/36 MP: 6/6
   866 | D:1      | Learned a level 2 spell: Blink
  1981 | D:2      | Found a shimmering blue altar of Sif Muna.
  1996 | D:2      | Found a faded altar of an unknown god.
  2057 | D:2      | Reached XP level 4. HP: 31/44 MP: 7/7
  2368 | D:2      | Reached skill level 4 in Maces & Flails
  2562 | D:3      | Noticed Grinder
  2752 | D:4      | Noticed Blork the orc
  2943 | D:4      | Reached XP level 5. HP: 39/50 MP: 8/8
  3422 | D:3      | Found a hide-covered altar of Uskayaw.
  4172 | D:3      | Reached skill level 5 in Maces & Flails
  4343 | D:3      | Noticed Robin
  4394 | D:3      | Slain by Robin

Illustrated notes

Levels and vault maps discovered:
D:1:      ldierk_water_garden, layout_basic
D:2:      layout_rooms, nicolae_overflow_hidden_temple,
          chequers_ecumenical_altar_island
D:3:      layout_basic, eat_drink_and_be_merry_uskayaw, uniq_grinder, uniq_robin
D:4:      layout_rooms, lemuel_flame_loot_1, uniq_edmund, uniq_blork_the_orc

Skill      XL: |  1  2  3  4  5 |
---------------+----------------+-----
Maces & Flails | 2 3 4 5 |  5.1
Fighting       | |  2.6
Throwing       | |  1.0
Dodging        | |  2.1
Spellcasting   | |  2.4
Translocations | |  2.6

Action                   |  1- 3 |  4- 6 || total
-------------------------+-------+-------++-------
Melee: Mace              |   108 |   151 ||   259
Throw: Dart              |    10 |    24 ||    34
       Boomerang         |     1 |     3 ||     4
 Cast: Blink             |     1 |     1 ||     2
  Use: Scroll            |       |     1 ||     1
       Potion            |       |     1 ||     1
Armor: Robe              |    44 |    54 ||    98
Dodge: Dodged            |    43 |    86 ||   129

Table legend: (Time is in decaauts)
 A = Elapsed time spent in this place.
 B = Non-inter-level travel time spent in this place.
 C = Inter-level travel time spent in this place.
 D = Time resting spent in this place.
 E = Time spent auto-exploring this place.
 F = Levels seen in this place.
 G = Mean time per level.
                   A        B        C        D        E       F      G
               +--------+--------+--------+--------+--------+-----+--------+
         Total |   4456 |   4099 |    357 |   1291 |   1733 |   4 | 1114.0 |
       Dungeon |   4456 |   4099 |    357 |   1291 |   1733 |   4 | 1114.0 |
               +--------+--------+--------+--------+--------+-----+--------+

Top non-repeatable levels by time:
     D:1: 1783 daAuts
     D:3: 1261 daAuts
     D:2: 962 daAuts
     D:4: 448 daAuts
